Map: [ESL] Tropical Sacrifice

Players

PattyMac

  • Race: Protoss Protoss
  • Spawn Location: 1:00

Nina - Winner!

  • Race: Protoss Protoss
  • Spawn Location: 7:00

Event: DreamHack SC2 Masters 2022 Atlanta (Online)

VOD

Have the link to the VOD?

Description

Time

  • Played on: Oct. 7, 2022, 5:44 p.m.
  • Length: 6:51

All games in this series

Show
View Real Time Build Order
Export as new Build Order

PattyMac Protoss 

Build Orders:  

Get SALT Encoding   

  12  0:00  Probe  
  13  0:12  Probe  
  14  0:17  Pylon  
  14  0:24  Probe (Chrono Boost)  
  14  0:28  Assimilator  
  15  0:36  Probe (Chrono Boost)  
  15  0:39  Gateway  
  16  0:44  Probe (Chrono Boost)  
  16  0:48  Assimilator  
  17  0:51  Probe  
  18  0:57  Assimilator  
  18  1:03  Probe (Chrono Boost)  
  19  1:10  Gateway  
  19  1:14  Probe (Chrono Boost)  
  20  1:20  Probe  
  21  1:27  Cybernetics Core  
  21  1:32  Probe  
  22  1:37  Pylon  
  22  1:44  Probe  
  23  2:03  Adept x2  
  23  2:06  Robotics Facility  
  27  2:09  Warp Gate  
  27  2:18  Pylon  
  27  2:39  Stalker x2  
  30  2:50  Immortal (Chrono Boost)  
  34  3:08  Gateway  
  34  3:19  Warp Prism (Chrono Boost)  
  36  3:28  Pylon  
  36  3:48  Immortal  
  40  3:58  Adept  
  40  3:59  Adept  
  42  4:23  Stalker x2  
  44  4:26  Stalker  
  44  4:29  Observer  
  45  4:35  Pylon  
  41  5:01  Adept  
  30  5:13  Immortal  
  19  5:37  Probe  
  20  6:11  Pylon  
  12  6:21  Probe  
  11  6:34  Sentry x2  
  11  6:35  Sentry  
Show
View Real Time Build Order
Export as new Build Order

Nina Protoss - Winner!

Build Orders: Blink Stalkers 

Get SALT Encoding   

  12  0:00  Probe  
  13  0:12  Probe  
  14  0:18  Pylon  
  14  0:24  Probe  
  15  0:36  Probe (Chrono Boost)  
  15  0:39  Gateway  
  16  0:48  Probe (Chrono Boost), Assimilator  
  17  0:53  Probe (Chrono Boost)  
  18  0:57  Assimilator  
  18  1:03  Probe (Chrono Boost)  
  19  1:13  Probe (Chrono Boost)  
  19  1:14  Gateway  
  19  1:18  Probe (Chrono Boost)  
  21  1:27  Cybernetics Core  
  21  1:30  Probe  
  22  1:39  Pylon  
  22  1:42  Probe  
  23  1:57  Probe  
  24  2:03  Stalker x2  
  24  2:05  Warp Gate  
  28  2:16  Twilight Council  
  28  2:28  Pylon  
  28  2:32  Probe  
  28  2:36  Stalker  
  31  2:46  Stalker  
  33  2:55  Blink (Chrono Boost)  
  33  3:01  Shield Battery  
  33  3:09  Shield Battery  
  32  3:13  Stalker  
  34  3:24  Gateway  
  34  3:29  Shield Battery  
  34  3:37  Pylon  
  34  3:50  Pylon  
  34  3:55  Stalker x2  
  37  4:20  Stalker x2  
  37  4:22  Probe  
  38  4:30  Sentry  
  40  4:35  Probe  
  41  4:42  Pylon  
  41  4:48  Stalker  
  43  4:55  Stalker  
  27  5:37  Stalker  
  27  5:39  Probe  
  30  5:51  Probe  
  31  6:03  Probe  
  32  6:09  Stalker  
  32  6:11  Stalker  
  34  6:20  Probe  
  29  6:32  Probe  
  30  6:33  Stalker  
Tags
 
Add a new tag
Caveats
  • Supply blocks, unpowered buildings, or Contaminate may cause inaccurate times.
  • Supply counts are checked every 10 seconds.